 Dungeon Crawl Stone Soup version 0.30.0-19-g36f170ea60 (webtiles) character file.

Game seed: 11478034266764863441

123013 Jannitor the Cleaver (level 17, -12/125 HPs)
             Began as a Djinni Delver on May 29, 2023.
             Was the Champion of Makhleb.
             Mangled by Donald
             ... wielding a +0 scimitar
              (39 damage)
             ... on level 2 of the Spider Nest on May 30, 2023.
             The game lasted 01:18:07 (36866 turns).

Jannitor the Cleaver (Djinni Delver)               Turns: 36866, Time: 01:18:10

Health: -12/125    AC: 14    Str: 17      XL:     17   Next: 44%
Gold:   2308       EV: 26    Int: 12 (13) God:    Makhleb [******] SH: 11 Dex: 19 (20)

rFire   + + +        n - +8 mithril axe "Arga" {speed, Will+}
rCold   + . .        U - +1 kite shield {reflect}
rNeg    + . .        S - +0 acid dragon scales
rPois   ∞            p - +1 helmet "Dunewk" {rC+ Str+2}
rElec   .            t - +1 cloak of the Pirate {SInv}
rCorr   +            e - +0 pair of gloves
SInv    +            (boots unavailable)
Will    ++...        N - amulet of the acrobat
Stlth   +++          C - +5 ring of evasion
HPRegen 0.40/turn    K - ring of Beoreb {rF+ rC+ rN+ EV+5 Dex+2}
MPRegen 0.00/turn

%: reflection, acrobat, infuse magic (-13 HP)
@: flying
A: sickness immunity, fire resistance 2, cold vulnerability 1, float, innate
caster, HP casting, extra vitality 1
a: Renounce Religion, Minor Destruction, Lesser Servant of Makhleb, Major
Destruction, Greater Servant of Makhleb


You were on level 2 of the Spider Nest.
You worshipped Makhleb.
Makhleb was exalted by your worship.
You visited 4 branches of the dungeon, and saw 24 of its levels.
You also visited: Bailey, Gauntlet and Volcano.

You collected 3014 gold pieces.
You spent 706 gold pieces at shops.

Inventory:

Hand Weapons
 a - a +2 war axe of flaming
 n - the +8 mithril axe "Arga" (weapon) {speed, Will+}
   (You found it on level 1 of the Lair of Beasts)

   Will:      It increases your willpower.
Armour
 e - a +0 pair of gloves (worn)
 h - the +0 leather armour "Porresu" {*Corrode rC+ Str+6 Slay+6}
   (You found it on level 5 of the Dungeon)

   Str:       It affects your strength (+6).
   Slay:      It affects your accuracy & damage with ranged weapons and melee
   (+6).
   rC:        It protects you from cold.
   *Corrode:  It may corrode you when you take damage.
 p - the +1 helmet "Dunewk" (worn) {rC+ Str+2}
   (You found it in a volcano)

   Str:       It affects your strength (+2).
   rC:        It protects you from cold.
 t - the +1 cloak of the Pirate (worn) {SInv}
   (You found it on level 14 of the Dungeon)

   SInv:      It lets you see invisible.
 u - the +4 leather armour of the Untouchables {rElec}
   (You found it on level 6 of the Dungeon)

   rElec:     It insulates you from electricity.
 x - the +6 scale mail "Fuysiate" {Harm *Slow +Inv Int+2}
   (You bought it in a shop on level 2 of the Orcish Mines)

   Int:       It affects your intelligence (+2).
   +Inv:      It lets you turn invisible.
   *Slow:     It may slow you when you take damage.
   Harm:      It increases damage dealt and taken.
 S - +0 acid dragon scales (worn)
 U - a +1 kite shield of reflection (worn)
Jewellery
 C - a +5 ring of evasion (left hand)
 D - a ring of positive energy
 E - a ring of fire
 K - the ring of Beoreb (right hand) {rF+ rC+ rN+ EV+5 Dex+2}
   (You found it in a Gauntlet)

   [ring of evasion]

   EV:        It affects your evasion (+5).
   Dex:       It affects your dexterity (+2).
   rF:        It protects you from fire.
   rC:        It protects you from cold.
   rN:        It protects you from negative energy.
 N - an amulet of the acrobat (around neck)
 R - a ring of wizardry
Wands
 g - a wand of digging (14)
 i - a wand of flame (45)
 s - a wand of iceblast (28)
 y - a wand of paralysis (7)
 B - a wand of light (6)
 H - a wand of polymorph (16)
 M - a wand of mindburst (4)
Scrolls
 b - 14 scrolls of identify
 c - 4 scrolls of fog
 k - 5 scrolls of teleportation
 l - 2 scrolls of poison
 q - 8 scrolls of fear
 v - 3 scrolls of silence
 F - 4 scrolls of vulnerability
 J - 5 scrolls of amnesia
 L - 7 scrolls of enchant weapon
 Q - a scroll of enchant armour
Potions
 d - 2 potions of heal wounds
 f - 5 potions of mutation
 j - 2 potions of might
 m - 6 potions of brilliance
 o - 9 potions of curing
 r - 2 potions of ambrosia
 w - 2 potions of berserk rage
 z - 2 potions of cancellation
 A - 6 potions of haste
 G - 5 potions of lignification
 I - 5 potions of attraction
 P - 2 potions of invisibility
Miscellaneous
 O - a phantom mirror
 T - a tin of tremorstones (2/2)


   Skills:
 + Level 12.9 Fighting
 - Level 7.3(7.7) Short Blades
 - Level 3.4(5.8) Long Blades
 * Level 13.0 Axes
 + Level 7.8 Armour
 - Level 9.8 Dodging
 - Level 4.1 Stealth
 + Level 5.2 Shields
 + Level 9.9 Spellcasting
 + Level 11.8 Invocations


You knew the following spells:

 Your Spells              Type           Power      Damage    Failure   Level
a - Slow                  Hex            100%       N/A       1%          1
b - Scorch                Fire           58%        2d7       1%          2
c - Poisonous Vapours     Pois/Air       58%        N/A       1%          2
d - Summon Ice Beast      Ice/Summ       29%        N/A       7%          4
e - Irradiate             Conj/Tmut      14%        3d16      19%         5
f - Metabolic Englaciati  Hex/Ice        14%        N/A       19%         5
g - Dispersal             Tloc           14%        N/A       71%         6
h - Orb of Destruction    Conj           14%        9d7       99%         7
Your spell library was empty.

Dungeon Overview and Level Annotations

Branches:
Dungeon (15/15)            Temple (0/1) D:4            Lair (5/5) D:9
 Shoals (0/4) Lair:2       Spider (2/4) Lair:3        Slime (0/5) Lair:5
    Orc (2/2) D:11            Elf (0/3) Orc:2        Vaults (0/5) D:13
 Depths (0/4) D:15         Bailey (visited)         Volcano (visited)
Gauntlet (visited)

Altars:
Cheibriados
Dithmenos
Elyvilon
Makhleb
Qazlal
The Shining One

Shops:
D:1 =   D:10 ?   Orc:1 ?   Orc:2 :[(*

Annotations:
D:5 1 runed translucent door, Crazy Yiuf
D:11 3 runed translucent doors, tomer's ghost, journeyman MiFi
Lair:1 exclusions: downstairs and 2 oklob plants
Spider:2 Donald


Innate Abilities, Weirdness & Mutations

You are immune to sickness and miasma.
You are immune to poison.
Your flesh is very heat resistant. (rF++)
You are vulnerable to cold. (rC-)
You float through the air rather than walking.
You learn spells naturally, not from books.
Your magical power is your life essence.
You have superior vitality. (+4 MHP)


Message History

Donald completely misses you. Donald blocks your attack.
Donald is severely wounded.
Donald misses you.
You slash Donald!
Donald is almost dead.
Donald says, "What's so minor about destruction?"
You block Donald's attack. Donald blocks your attack.
Donald is almost dead.
Donald hits you with a +0 scimitar! Donald blocks your attack.
Donald is almost dead.
Donald says, "Someone should clean these parts.
I hate webs."
Donald completely misses you. x2
You hit Donald but do no damage.
Donald is almost dead.
Donald says, "The Vaults look kind of boring."
You block Donald's attack. Donald blocks your attack.
Donald is almost dead.
Donald completely misses you.
You hit Donald.
Donald is almost dead.
You slash the wolf spider! The wolf spider completely misses you.
You block the wolf spider's attack. Donald hits you with a +0 scimitar!
Donald blocks your attack.
Donald is almost dead.
You hit the wolf spider.
The wolf spider completely misses you. x2
Donald misses you.
The wolf spider hits you but does no damage.
The wolf spider bites you but does no damage.
You hit Donald.
Donald is almost dead.
You hit the wolf spider. Donald hits you with a +0 scimitar!!!
* * * LOW HITPOINT WARNING * * *
The wolf spider misses you. You block the wolf spider's attack.
Donald says, "I hate venom.
I hate getting bitten."
Donald hits you with a +0 scimitar!!!
You die...

.............~#^.~#
.[...........~#^.≈# .~
...##........~##.^# ...
............~.##~.# #~~
.............###~.###~#
.. .............#.#~~~#.#
s ........#<)..#.##†^.#
~# ....##..#....#.~#@.~##
~
..<..#####.).~#s@#≈.~##~#
.....# ##.~##.###≈.~#.#
....## #.^.### ##~.^.##
.#.## #.†...~.~~##≈.≈~# #
#### #.........~
##...~~~~ ## #.........#
@~^...# .. #..........
~###### .. ........... ~.
.. #........... .. ..


You could see Donald (fast, strong) and a wolf spider.

Vanquished Creatures
  Rupert (D:13)
  The ghost of Axipewex the Grappler, a journeyman OgTm of Okawaru (D:14)
  A ghost moth (Spider:1)
  An orc warlord (Orc:2)
  A stone giant (D:15)
  A minotaur (D:14)
  A red draconian (Volcano)
  A dire elephant (Lair:3)
  An ettin (Orc:2)
  Josephine (Lair:3)
  An entropy weaver (Spider:1)
  A vault guard (Bailey)
  A rakshasa (D:15)
  8 hydras
  2 catoblepae (Lair:5)
  3 boulder beetles
  A radroach (Spider:1)
  A two-headed ogre (D:9)
  7 centaur warriors
  An anaconda (Lair:3)
  4 death yaks (Lair:3)
  4 tengu warriors
  An orc high priest (Orc:2)
  12 spriggans (Lair:5)
  Nergalle (Lair:3)
  A fire crab (Lair:3)
  5 skeletal warriors
  2 pharaoh ants
  A skyshark (Lair:5)
  The ghost of laial the Fighter, a novice OgCA of Ignis (D:6)
  A flayed ghost (D:14)
  An orb spider (Spider:1)
  The ghost of Graphine the Covered, a novice AtFi of Okawaru (D:7)
  A steelbarb worm (Spider:1)
  A harpy (shapeshifter) (D:15)
  A lindwurm (Lair:4)
  7 orc knights
  A necromancer (D:15)
  3 deep elf pyromancers
  9 wolf spiders
  4 orc sorcerers
  20 ugly things
  An oklob plant (Lair:1)
  4 cyclopes
  A manticore (D:14)
  2 deep elf zephyrmancers (Orc:1)
  5 black mambas
  A demonic crawler (Spider:1)
  2 molten gargoyles (Volcano)
  9 elephants
  A rime drake (Lair:3)
  2 torpor snails
  10 cane toads
  2 gargoyles
  A komodo dragon (shapeshifter) (D:15)
  2 yaktaurs (Volcano)
  A kobold demonologist (D:8)
  9 komodo dragons
  A hellwing (Gauntlet)
  6 meliai
  8 polar bears
  3 trolls
  A raiju (Gauntlet)
  8 hornets
  7 tarantellas
  Prince Ribbit (Bailey)
  3 blink frogs
  7 jumping spiders
  2 shadows
  11 slime creatures
  A centaur simulacrum (D:15)
  10 culicivoras
  6 wraiths
  4 wyverns
  34 yaks
  Eustachio (D:4)
  3 basilisks
  A golden eye (shapeshifter) (D:15)
  19 humans
  2 fire bats (Volcano)
  30 redbacks
  4 steam dragons
  7 vampire mosquitoes (D:12)
  A naga (Lair:2)
  2 wargs
  2 acid dragons
  15 water moccasins
  24 orc warriors
  5 ice beasts
  A swamp drake (D:11)
  8 black bears
  A sky beast (D:7)
  16 centaurs
  3 ogres
  23 wolves
  3 boggarts (Lair:5)
  5 nameless horrors
  A kobold brigand (D:7)
  A phantom (D:3)
  18 bullfrogs
  4 scorpions
  7 wights
  8 killer bees
  A howler monkey (D:6)
  3 electric eels (Lair:3)
  2 crimson imps
  6 lava snakes (Volcano)
  7 jellies
  24 orc priests
  Terence (D:2)
  3 gnoll boudas
  6 hounds
  4 iguanas
  An iron imp (Orc:1)
  27 orc wizards
  A lightning spire (Gauntlet)
  11 adders
  9 gnolls
  2 shadow imps
  2 ufetubi
  2 worms (D:3)
  3 dart slugs
  112 orcs
  6 endoplasms
  3 giant cockroaches
  15 goblins
  4 hobgoblins
  6 jackals (D:1)
  12 kobolds
  2 quokkas
  13 ball pythons
  3 bats
  3 frilled lizards
  2 goblin skeletons (D:4)
  3 hobgoblin zombies (D:4)
  A kobold skeleton (D:4)
  2 kobold zombies (D:4)
  An orc skeleton (D:4)
  An orc zombie (D:4)
  4 rats
807 creatures vanquished.

Vanquished Creatures (collateral kills)
  A minotaur (Gauntlet)
  Snorg (Orc:1)
  A hydra (Lair:3)
  A vault guard (Bailey)
  2 two-headed ogres
  An orc high priest (Orc:2)
  A cyclops (D:11)
  An elephant (Lair:4)
  2 cane toads (Lair:1)
  A blink frog (Lair:2)
  2 jumping spiders
  A wraith (D:11)
  3 yaks
  A warg (Orc:2)
  3 orc warriors
  A wolf (Lair:5)
  A bullfrog (Lair:3)
  2 orc priests (Orc:2)
  An orc wizard (Orc:2)
  A hell rat (Lair:3)
  5 orcs
33 creatures vanquished.

Vanquished Creatures (others)
  A wizard (D:15)
  A swamp drake (Orc:1)
  An orc priest (Orc:2)
  2 orc wizards (Orc:1)
  A white imp (Orc:1)
  An orc (Orc:1)
7 creatures vanquished.

Grand Total: 847 creatures vanquished

Notes
Turn   | Place    | Note
-------+----------+-------------------------------------------
     0 | D:5      | Jannitor the Djinni Delver began the quest for the Orb.
     0 | D:5      | Reached XP level 1. HP: 20/20 MP: 0/0
    31 | D:5      | Noticed an iguana
    87 | D:5      | Identified the +0 leather armour "Porresu" {*Corrode rC+
                  | Str+6 Slay+6}
   163 | D:4      | Reached XP level 2. HP: 25/25 MP: 0/0
   184 | D:4      | Reached XP level 3. HP: 28/30 MP: 0/0
   184 | D:4      | Learned a level 1 spell: Slow
   289 | D:3      | Noticed a phantom
   302 | D:4      | Noticed a phantom
   330 | D:3      | Killed a phantom
   331 | D:3      | Reached XP level 4. HP: 33/37 MP: 0/0
   331 | D:3      | Reached XP level 5. HP: 37/41 MP: 0/0
   331 | D:3      | Learned a level 2 spell: Scorch
   549 | D:3      | Noticed an ice beast
   968 | D:2      | Noticed Terence
   987 | D:2      | Killed Terence
  1079 | D:2      | Reached XP level 6. HP: 47/47 MP: 0/0
  1797 | D:1      | Found Liticrack's Jewellery Shoppe.
  2494 | D:3      | Found a faded altar of an unknown god.
  2606 | D:3      | Prayed at the altar of an unknown god.
  2606 | D:3      | Became a worshipper of Makhleb the Destroyer
  2606 | D:3      | Reached * piety under Makhleb
  3056 | D:4      | Reached skill level 1 in Short Blades
  3156 | D:4      | Noticed Eustachio
  3162 | D:4      | Reached XP level 7. HP: 53/53 MP: 0/0
  3162 | D:4      | Learned a level 2 spell: Poisonous Vapours
  3167 | D:4      | Killed Eustachio
  3168 | D:4      | Reached skill level 5 in Fighting
  3168 | D:4      | Reached skill level 1 in Spellcasting
  3338 | D:4      | Found a glowing golden altar of the Shining One.
  3406 | D:4      | Reached skill level 5 in Dodging
  3415 | D:4      | Reached ** piety under Makhleb
  3527 | D:4      | Found a staircase to the Ecumenical Temple.
  4016 | D:5      | Reached XP level 8. HP: 59/59 MP: 0/0
  4048 | D:5      | Reached skill level 1 in Invocations
  4865 | D:5      | Found a runed translucent door.
  4866 | D:5      | Noticed Crazy Yiuf
  5226 | D:6      | Identified the +4 leather armour of the Untouchables
                  | {rElec}
  5305 | D:6      | Reached XP level 9. HP: 66/66 MP: 0/0
  5305 | D:6      | Learned a level 4 spell: Summon Ice Beast
  5872 | D:6      | Found a runed translucent door.
  5872 | D:6      | Noticed laial's ghost (novice OgCA)
  5875 | D:6      | Reached *** piety under Makhleb
  6895 | D:7      | Found a runed translucent door.
  6902 | D:7      | Noticed Graphine's ghost (novice AtFi)
  6902 | D:7      | Noticed a boulder beetle
  7543 | D:7      | Reached XP level 10. HP: 68/75 MP: 0/0
  7844 | D:7      | Reached **** piety under Makhleb
  8153 | D:8      | Reached skill level 5 in Short Blades
  8179 | D:8      | Noticed a cyclops
  8195 | D:8      | Killed a cyclops
  8196 | D:8      | Reached skill level 5 in Invocations
  8767 | D:9      | Noticed a kobold demonologist
  8785 | D:8      | Noticed a rust devil
  8786 | D:8      | Killed a kobold demonologist
  8805 | D:9      | Found a staircase to the Lair.
  9233 | D:9      | Noticed a deep elf pyromancer
  9246 | D:9      | Killed a deep elf pyromancer
  9247 | D:9      | Reached XP level 11. HP: 81/81 MP: 0/0
  9247 | D:9      | Learned a level 5 spell: Irradiate
  9332 | D:9      | Noticed a two-headed ogre
  9348 | D:9      | Killed a two-headed ogre
  9349 | D:9      | Reached skill level 5 in Spellcasting
  9550 | D:9      | Found a snail-covered altar of Cheibriados.
  9633 | D:10     | Entered Level 10 of the Dungeon
  9656 | D:10     | Found Uchicef's Magic Scroll Emporium.
  9663 | D:10     | Bought a scroll of magic mapping for 112 gold pieces
  9726 | D:10     | Found a flagged portal.
  9742 | Bailey   | Entered a bailey
  9917 | Bailey   | Noticed a vault guard
  9953 | Bailey   | Killed a vault guard
 10004 | Bailey   | Reached skill level 1 in Armour
 10010 | Bailey   | Reached ***** piety under Makhleb
 10096 | Bailey   | Noticed Prince Ribbit
 10096 | Bailey   | Noticed a vault guard
 10109 | Bailey   | Killed Prince Ribbit
 10131 | Bailey   | Killed a vault guard
 10904 | Lair:1   | Entered Level 1 of the Lair of Beasts
 11487 | Lair:1   | Reached XP level 12. HP: 65/89 MP: 0/0
 12876 | Lair:1   | Found the +8 mithril axe "Arga" {speed, Will+}
 13035 | Lair:2   | Reached skill level 1 in Axes
 14077 | Lair:2   | Reached skill level 2 in Axes
 14138 | Lair:2   | Found a staircase to the Shoals.
 14584 | Lair:2   | Reached skill level 3 in Axes
 15403 | Lair:2   | Reached skill level 4 in Axes
 15403 | Lair:2   | Reached skill level 5 in Armour
 15671 | Lair:3   | Noticed Nergalle
 16077 | Lair:3   | Found a hole to the Spider Nest.
 16121 | Lair:3   | Noticed a death yak
 16266 | Lair:3   | Identified a scroll of acquirement
 16266 | Lair:3   | Acquired 442 gold pieces
 16632 | D:11     | Reached skill level 5 in Axes
 16758 | D:11     | Reached XP level 13. HP: 90/94 MP: 0/0
 16758 | D:11     | Learned a level 5 spell: Metabolic Englaciation
 16815 | D:11     | Found a runed translucent gate.
 16815 | D:11     | Found a runed translucent gate.
 16815 | D:11     | Found a runed translucent gate.
 17160 | D:11     | Found a staircase to the Orcish Mines.
 17630 | Orc:1    | Entered Level 1 of the Orcish Mines
 17635 | Orc:1    | Noticed Snorg
 17720 | Orc:1    | Killed Snorg
 17721 | Orc:1    | Reached skill level 6 in Axes
 17853 | Orc:1    | Found Wyicse's Magic Scroll Boutique.
 18385 | Orc:1    | Bought a scroll of identify for 26 gold pieces
 18385 | Orc:1    | Bought a scroll of identify for 26 gold pieces
 18385 | Orc:1    | Bought 3 scrolls of teleportation for 117 gold pieces
 18713 | Orc:2    | Entered Level 2 of the Orcish Mines
 18746 | Orc:2    | Reached skill level 7 in Axes
 18830 | Orc:2    | Found a staircase to the Elven Halls.
 18878 | Orc:2    | Noticed an ettin
 18982 | Orc:2    | Reached ****** piety under Makhleb
 19014 | Orc:2    | Noticed an orc warlord
 19115 | Orc:2    | Killed an ettin
 20688 | Orc:2    | Reached skill level 8 in Axes
 20754 | Orc:2    | Killed an orc warlord
 20755 | Orc:2    | Reached XP level 14. HP: 69/102 MP: 0/0
 20864 | Orc:2    | Found Tedefree's Antique Armour Emporium.
 20925 | Orc:2    | Found Jomm's General Store.
 21037 | Orc:2    | Found Bajikiu's Book Emporium.
 21053 | Orc:2    | Found Uzititt's Antique Weapon Emporium.
 21112 | Orc:2    | Bought a brightly glowing scale mail for 225 gold pieces
 21112 | Orc:2    | Identified the +6 scale mail "Fuysiate" {Harm *Slow +Inv
                  | Int+2} (You bought it in a shop on level 2 of the Orcish
                  | Mines)
 21112 | Orc:2    | Bought a glowing scarf for 200 gold pieces
 21860 | D:11     | Noticed tomer's ghost (journeyman MiFi)
 21983 | D:12     | Reached skill level 10 in Fighting
 22604 | D:13     | Noticed Rupert
 22604 | D:13     | Found a gate to the Vaults.
 23014 | D:13     | Reached skill level 9 in Axes
 23055 | D:13     | Found a gate leading to a gauntlet.
 23063 | Gauntlet | Entered a Gauntlet
 23063 | Gauntlet | Found a transporter.
 23063 | Gauntlet | Found a transporter.
 23063 | Gauntlet | Found a transporter.
 23118 | Gauntlet | Found a transporter.
 23118 | Gauntlet | Found a transporter.
 23130 | Gauntlet | Found a transporter.
 23146 | Gauntlet | Noticed a reaper
 23151 | Gauntlet | Found a transporter.
 23174 | Gauntlet | Found a transporter.
 23193 | Gauntlet | Found a transporter.
 23201 | Gauntlet | Found a transporter.
 23219 | Gauntlet | Found a transporter.
 23277 | Gauntlet | Found a transporter.
 23402 | Gauntlet | Identified the ring of Beoreb {rF+ rC+ rN+ EV+5 Dex+2}
 23419 | Gauntlet | Identified the +0 helmet of Jigsaw {rC+}
 23577 | Gauntlet | Identified the +6 falchion of Embarrassment {heavy, Fly rF-
                  | rC+ rN+}
 23577 | Gauntlet | Noticed a minotaur
 23585 | Gauntlet | Killed a minotaur
 24736 | Lair:3   | Killed Nergalle
 24890 | Lair:3   | Noticed Josephine
 24902 | Lair:3   | Killed Josephine
 25126 | Lair:3   | Reached XP level 15. HP: 58/109 MP: 0/0
 25126 | Lair:3   | Learned a level 6 spell: Dispersal
 25213 | Lair:3   | Reached skill level 10 in Axes
 25845 | Lair:4   | Found a dark tunnel.
 25859 | Volcano  | Entered a volcano
 26135 | Volcano  | Found a bloodstained altar of Trog.
 26295 | Volcano  | Identified the +1 helmet "Dunewk" {rC+ Str+2}
 26772 | Lair:4   | Reached skill level 10 in Invocations
 27268 | Lair:5   | Entered Level 5 of the Lair of Beasts
 27519 | Lair:5   | Found a stormy altar of Qazlal.
 27577 | Lair:5   | Reached skill level 11 in Axes
 28051 | Lair:5   | Found a staircase to the Slime Pits.
 28508 | Lair:5   | Reached XP level 16. HP: 117/118 MP: 0/0
 28528 | Lair:5   | Reached skill level 1 in Shields
 29129 | D:13     | Killed Rupert
 29901 | D:14     | Found a white marble altar of Elyvilon.
 30124 | D:14     | Reached skill level 12 in Axes
 30131 | D:14     | Found a runed translucent gate.
 30131 | D:14     | Found a runed translucent gate.
 30158 | D:14     | Found a runed translucent gate.
 30575 | D:14     | Noticed Axipewex's ghost (journeyman OgTm)
 31288 | D:6      | Killed laial's ghost
 31337 | D:7      | Killed Graphine's ghost
 31611 | D:14     | Killed Axipewex's ghost
 31922 | D:14     | Identified the +1 cloak of the Pirate {SInv}
 31969 | D:15     | Entered Level 15 of the Dungeon
 32675 | D:15     | Found a staircase to the Depths.
 32741 | D:15     | Found a shadowy altar of Dithmenos.
 33430 | Spider:1 | Entered Level 1 of the Spider Nest
 33521 | Spider:1 | Reached XP level 17. HP: 125/125 MP: 0/0
 33521 | Spider:1 | Learned a level 7 spell: Orb of Destruction
 35076 | Spider:2 | Reached skill level 5 in Shields
 36657 | Spider:1 | Reached skill level 13 in Axes
 36836 | Spider:2 | Noticed Donald
 36866 | Spider:2 | Mangled by Donald

Illustrated notes

Levels and vault maps discovered:
D:1:      minmay_arrival_hallway, layout_basic, serial_shops,
          nicolae_shop_advertising_works [nicolae_subvault_shop_adworks]
D:2:      layout_basic, uniq_terence
D:3:      layout_loops_ring, chequers_ecumenical_altar_island, minivault_24,
          minmay_misc_feat_secret_circle, minmay_misc_feat_rows,
          hangedman_decor_growths, saegor_snake_ambush
D:4:      layout_gridville, nicolae_tso_besieged_by_evil,
          minmay_temple_entry_drinking_statues, minmay_misc_feat_x,
          minmay_statues_item, dk_vineyard_1, dk_rats_in_the_wall,
          uniq_eustachio
D:5:      wander_river, layout_gridville, grunt_decor_junction,
          minmay_misc_feat_five, hangedman_abyss_or_decor_lesser_grid,
          uniq_crazy_yiuf_cottage
D:6:      layout_loops_ring, gammafunk_ghost_grave, kennysheep_small_square
D:7:      layout_basic, ebering_ghost_inner_flame
D:8:      layout_basic
D:9:      layout_loops_ring, kennysheep_slug_shrine,
          grunt_lair_entry_orc_guard_hut, minmay_misc_feat_cross,
          minmay_microvault
D:10:     layout_roguey, serial_shops, shop_fountains, enter_bailey_5
D:11:     layout_big_octagon, erik_orc_1, gammafunk_ghost_spectres
D:12:     layout_basic, serial_shops, nicolae_shop_back_alley_shop
D:13:     layout_grid_maze, david_vaults_3, gauntlet_entry_generic
D:14:     layout_loops_corners, maelrawn_ghost_gauntlet_escape, elyvilon_altar_1
D:15:     hangedman_depths_entry_civil_slaughter, layout_irregular_city,
          nicolae_dithmenos_the_darkroom
Lair:1:   minmay_lair_oklob_tunnel, layout_regular_city, grunt_megastairs_3
Lair:2:   layout_cave_pods, minmay_shoals_entry_centaurs
Lair:3:   layout_long_grid, nicolae_spider_entry_tight_spaces,
          nicolae_lair_lakeside_cave, infiniplex_staircase_pool, uniq_josephine,
          uniq_nergalle
Lair:4:   layout_regular_city, nicolae_volcano_entry_vermiform,
          serial_bayou_pond_d
Lair:5:   minmay_lair_end_enchanted_forest, layout_small_grid,
          nicolae_slime_entry_field_trip, basic_altar, grunt_megastairs_4,
          serial_bayou_shore_b
Spider:1: layout_chambers
Spider:2: mumra_spider_spiderweb, drop_trap, hellmonk_spider_spawner,
          uniq_arachne, uniq_donald
Orc:1:    layout_caves, serial_shops, nicolae_shop_statue_plus,
          hangedman_minor_magic, uniq_snorg
Orc:2:    grunt_orc_cross, layout_diamond_mine

Skill      XL: |  1  2  3  4  5  6  7  8  9 10 11 12 13 14 15 16 17 |
---------------+----------------------------------------------------+-----
Long Blades    | 2 3 |  3.4
Dodging        | 3 4 5 6 7 8 9 |  9.8
Fighting       | 4 5 6 7 8 9 10 11 12 | 12.9
Short Blades   | 1 2 3 4 5 6 7 |  7.3
Spellcasting   | 1 2 3 4 5 6 7 8 9 |  9.9
Invocations    | 2 4 6 7 8 9 10 11 | 11.8
Armour         | 2 5 7 |  7.8
Axes           | 5 8 9 11 12 13 | 13.0
Shields        | 4 5 |  5.2
Stealth        | |  4.1

Action                     |  1- 3 |  4- 6 |  7- 9 | 10-12 | 13-15 | 16-18 || total
---------------------------+-------+-------+-------+-------+-------+-------++-------
  Melee: Falchion          |    31 |    96 |       |       |       |       ||   127
         Rapier            |       |    62 |   315 |   511 |       |       ||   888
         Punch             |       |     1 |     3 |    11 |    17 |       ||    32
         Broad axe         |       |       |       |    31 |   812 |   691 ||  1534
         War axe           |       |       |       |       |    47 |     7 ||    54
   Cast: Slow              |       |       |     3 |     1 |    21 |       ||    25
         Poisonous Vapours |       |       |       |    79 |   113 |   116 ||   308
         Scorch            |       |       |       |    48 |    50 |       ||    98
         Summon Ice Beast  |       |       |       |    27 |    68 |    13 ||   108
         Metabolic Englaci |       |       |       |       |    11 |    14 ||    25
 Invoke: Lesser Servant of |       |       |       |     1 |    10 |     2 ||    13
  Evoke: Wand              |     1 |       |    11 |    19 |     7 |       ||    38
         Phantom mirror    |       |       |       |       |       |     1 ||     1
    Use: Potion            |     2 |     2 |     3 |     7 |    14 |     2 ||    30
         Scroll            |     1 |       |    11 |    12 |    11 |     6 ||    41
   Stab: Sleeping          |     2 |    11 |    10 |     4 |    11 |     4 ||    42
         Paralysed         |       |       |     2 |       |       |       ||     2
         Distracted        |       |       |       |     2 |     4 |     1 ||     7
         Invisible         |       |       |       |       |    21 |       ||    21
         Petrified         |       |       |       |       |     9 |       ||     9
 Armour: Leather armour    |    12 |    44 |    75 |    87 |    96 |    35 ||   349
         Acid dragon scale |       |       |       |       |       |    46 ||    46
  Dodge: Dodged            |    20 |   124 |   232 |   519 |   842 |   606 ||  2343
  Block: Buckler           |       |       |       |       |     3 |    51 ||    54
         Kite shield       |       |       |       |       |       |   216 ||   216
         Reflection        |       |       |       |       |       |     3 ||     3
